 Dungeon Crawl Stone Soup version 0.28-a0-861-ge64d6db94f (webtiles) character file.

Game seed: 14125329219069181430

66 pokeman the Magician (level 3, -3/20 HPs)
             Began as a Deep Elf Hedge Wizard on Nov 15, 2021.
             Slain by an ogre (23 damage)
             ... on level 3 of the Dungeon.
             The game lasted 00:04:37 (2323 turns).

pokeman the Magician (Deep Elf Hedge Wizard)        Turns: 2323, Time: 00:04:38

Health: -3/20      AC:  4    Str:  7    XL:     3   Next: 96%
Magic:  4/11       EV: 12    Int: 19    God:
Gold:   139        SH:  0    Dex: 14    Spells: 1/12 levels left

rFire   . . .      SeeInvis .   a - +0 dagger
rCold   . . .      Faith    .   (no shield)
rNeg    . . .      Spirit   .   i - +0 leather armour
rPois   .          Reflect  .   c - +0 hat
rElec   .          Harm     .   (no cloak)
rCorr   .          Rampage  .   j - +0 pair of gloves
Will    +....                   (no boots)
Stlth   ++........              (no amulet)
HPRegen 0.06/turn               e - ring of willpower
MPRegen 0.12/turn               (no ring)

@: very slightly contaminated
A: no striking features
a: no special abilities


You were on level 3 of the Dungeon.
You visited 1 branch of the dungeon, and saw 3 of its levels.

You collected 139 gold pieces.

Inventory:

Hand Weapons
 a - a +0 dagger (weapon)
Missiles
 h - a silver javelin (quivered)
Armour
 c - a +0 hat (worn)
 i - a +0 leather armour (worn)
 j - a +0 pair of gloves (worn)
Jewellery
 e - a ring of willpower (left hand)
Scrolls
 d - a scroll of teleportation {unknown}
 l - a scroll of magic mapping {unknown}
 m - a scroll of identify {unknown}
 n - a scroll of noise {unknown}
Potions
 b - a potion of might {unknown}
 f - a potion of haste {unknown}
 g - a potion of lignification {unknown}
 k - a potion of attraction {unknown}
 o - a potion of flight {unknown}


   Skills:
 - Level 1.0 Fighting
 - Level 1.0 Armour
 + Level 2.5 Dodging
 + Level 2.5 Stealth
 * Level 5.4 Spellcasting
 + Level 2.1 Conjurations
 - Level 1.1 Summonings
 - Level 1.1 Translocations


You had one spell level left.
You knew the following spells:

 Your Spells              Type           Power      Damage    Failure   Level
a - Magic Dart            Conj           52%        1d5       8%          1
b - Mephitic Cloud        Conj/Pois/Air  7%         N/A       36%         3
c - Call Imp              Summ           9%         N/A       17%         2
d - Blink                 Tloc           18%        N/A       17%         2
e - Conjure Flame         Conj/Fire      9%         6-21      34%         3

Your spell library contained the following spells:

 Spells                   Type           Power      Damage    Failure   Level
 Slow                     Hex            20%        N/A       17%         1


Dungeon Overview and Level Annotations

Branches:
Dungeon (3/15)

Altars:


Message History

The silver javelin pierces through the ogre.
The ogre shouts!
The ogre is lightly wounded.
You hear a shout!
Casting: Magic Dart (safe; 8% risk of failure)
Confirm with . or Enter, or press ? or * to list all spells.
The spell is potentially lethal to cast (36% risk of failure)!
Continue anyway?
Aiming: Mephitic Cloud (potentially lethal; 36% risk of failure)
Press: ? - help, Shift-Dir - straight line, f/p - ogre
Aim: an ogre, wielding a +0 giant club (lightly wounded, chance to affect: 77%)
You miscast Mephitic Cloud.
You are very lightly contaminated with residual magic.
Nothing appears to happen.
Casting: Mephitic Cloud (potentially lethal; 36% risk of failure)
Confirm with . or Enter, or press ? or * to list all spells.
The spell is potentially lethal to cast (36% risk of failure)!
Continue anyway?
Aiming: Mephitic Cloud (potentially lethal; 36% risk of failure)
Press: ? - help, Shift-Dir - straight line, f/p - ogre
Aim: an ogre, wielding a +0 giant club (lightly wounded, chance to affect: 77%)
The ball explodes into a vile cloud!
The stinking cloud engulfs the ogre but does no damage.
The ogre is lightly wounded.
You hear an angry hiss.
You hear a shout!
The ogre is engulfed in noxious fumes.
The ogre appears confused.
A goblin comes into view. It is wielding a +0 club.
Unknown command.
Throw: 2 javelins (silver)
Press: ? - help, Q - select action, (/) - cycle Shift-Dir - straight line, f - goblin, p - ogre
Aim: a goblin, wielding a +0 club (50% to hit)
You throw a silver javelin.
The silver javelin pierces through the ogre.
The ogre is moderately wounded.
The silver javelin pierces through the goblin but does no damage.
The goblin is moderately wounded.
The ogre is engulfed in noxious fumes.
The ogre appears confused.
The ogre laughs at nothing.
The ogre is engulfed in noxious fumes.
The ogre hits you with a +0 giant club!!
Ouch! That really hurt!
You die...

.# .# .# .#
#
#####.##(#.#
......g(.
#..○○#
#.@O○#
#..#.# #..#
.. #..# ...
#..# ..(
#... .. ....
. #...


You could see an ogre (confused) and a goblin.

Vanquished Creatures
  An adder (D:2)
  3 ball pythons
  6 bats
  6 endoplasms
  2 giant cockroaches (D:2)
  3 goblins (D:2)
  9 hobgoblins
  3 jackals (D:2)
  3 quokkas (D:2)
  3 frilled lizards
  5 kobolds
  6 rats
50 creatures vanquished.

Notes
Turn   | Place    | Note
-------+----------+-------------------------------------------
     0 | D:1      | pokeman the Deep Elf Hedge Wizard began the quest for the
                  | Orb.
     0 | D:1      | Reached XP level 1. HP: 10/10 MP: 7/7
   289 | D:1      | Reached XP level 2. HP: 13/16 MP: 4/9
   467 | D:1      | Found a faded altar of an unknown god.
   998 | D:2      | Reached skill level 5 in Spellcasting
  1183 | D:2      | Reached XP level 3. HP: 20/20 MP: 9/11
  1188 | D:2      | Learned a level 3 spell: Mephitic Cloud
  1192 | D:2      | Learned a level 2 spell: Call Imp
  1195 | D:2      | Learned a level 2 spell: Blink
  1199 | D:2      | Learned a level 3 spell: Conjure Flame
  1530 | D:2      | Reached skill level 1 in Fighting
  1603 | D:2      | Reached skill level 1 in Armour
  2317 | D:3      | Noticed an ogre
  2323 | D:3      | Slain by an ogre

Illustrated notes

Levels and vault maps discovered:
D:1:      lightli_arrival_lavapool, layout_basic,
          hellmonk_ecumenical_altar_crossroads
D:2:      layout_basic, kennysheep_generic_room_6
D:3:      layout_loops_ring, yredelemnul_forgotten_temple_becter,
          grunt_ministairs_9, serial_park_tiny_pond, uniq_robin, uniq_grinder

Skill      XL: |  1  2  3 |
---------------+----------+-----
Spellcasting   | 5 |  5.4
Fighting       | 1 |  1.0
Armour         | 1 |  1.0
Conjurations   | 2 |  2.1
Dodging        | |  2.5
Stealth        | |  2.5
Summonings     | |  1.1
Translocations | |  1.1

Action                   || total
-------------------------++-------
Melee: Dagger            ||    11
Throw: Javelin           ||    10
 Cast: Magic Dart        ||   101
       Mephitic Cloud    ||     1
 Stab: Sleeping          ||     1
Armor: Robe              ||     1
       Leather armour    ||     1
Dodge: Dodged            ||    26

Table legend: (Time is in decaauts)
 A = Elapsed time spent in this place.
 B = Non-inter-level travel time spent in this place.
 C = Inter-level travel time spent in this place.
 D = Time resting spent in this place.
 E = Time spent auto-exploring this place.
 F = Levels seen in this place.
 G = Mean time per level.
                   A        B        C        D        E       F      G
               +--------+--------+--------+--------+--------+-----+--------+
         Total |   2326 |   2253 |     73 |      0 |   1987 |   3 |  775.3 |
       Dungeon |   2326 |   2253 |     73 |      0 |   1987 |   3 |  775.3 |
               +--------+--------+--------+--------+--------+-----+--------+

Top non-repeatable levels by time:
     D:2: 1329 daAuts
     D:1: 990 daAuts
     D:3: 6 daAuts
